 Dungeon Crawl Stone Soup version 0.25.1-2-g60ff931df9 (webtiles) character file.

Game seed: 5321653594683716206

872 DearestLeader the Geomancer (level 8, -2/41 HPs)
             Began as a Gargoyle Earth Elementalist on Oct 13, 2020.
             Slain by a vampire (4 damage)
             ... on level 6 of the Dungeon.
             The game lasted 00:09:53 (6192 turns).

DearestLeader the Geomancer (GrEE)                  Turns: 6192, Time: 00:09:53

Health: -2/41      AC: 10    Str: 12    XL:     8   Next: 4%
Magic:  11/11      EV: 12    Int: 18    God:
Gold:   208        SH:  0    Dex: 10    Spells: 6/12 levels left

rFire    . . .     SeeInvis .   B - +0 rapier (vamp)
rCold    . . .     Gourm    .   (no shield)
rNeg     + . .     Faith    .   c - +0 robe
rPois    ∞         Spirit   .   g - +1 helmet
rElec    +         Reflect  .   y - +0 cloak
rCorr    .         Harm     .   (no gloves)
MR       .....                  (no boots)
Stlth    +++.......             r - amulet of the acrobat
HPRegen  0.13/turn              D - ring of stealth
MPRegen  0.12/turn              (no ring)

@: flying
A: negative energy resistance 1, electricity resistance, unbreathing,
petrification resistance, rot immunity, AC +5
a: no special abilities


You were on level 6 of the Dungeon.
You were not hungry.

You visited 1 branch of the dungeon, and saw 6 of its levels.

You collected 208 gold pieces.

Inventory:

Hand Weapons
 e - a +1 whip
 B - a +0 vampiric rapier (weapon)
Missiles
 b - 146 stones (quivered)
Armour
 c - a +0 robe (worn)
 g - a +1 helmet (worn)
 y - a +0 cloak (worn)
Jewellery
 r - an amulet of the acrobat (around neck)
 D - a ring of stealth (left hand)
Scrolls
 a - a scroll of enchant armour
 i - 3 scrolls of fog
 j - 3 scrolls of fear
 m - a scroll of identify {unknown}
 o - a scroll of immolation {unknown}
 p - a scroll of teleportation
 q - a scroll of amnesia
 s - 2 scrolls of enchant weapon
 t - a scroll of vulnerability {unknown}
 u - 3 scrolls of remove curse
 A - a scroll of blinking {unknown}
Potions
 f - a potion of flight
 h - a potion of magic
 k - 2 potions of lignification {unknown}
 l - 2 potions of heal wounds {unknown}
 n - 2 potions of stabbing {unknown}
 v - a potion of mutation {unknown}
 w - 6 potions of curing {unknown}
 x - a potion of might {unknown}
 z - 2 potions of degeneration {unknown}
Comestibles
 d - 11 rations
 C - 3 chunks of flesh


   Skills:
 - Level 1.5 Dodging
 - Level 2.1 Stealth
 + Level 2.6 Spellcasting
 + Level 1.8 Conjurations
 - Level 0.7 Transmutations
 * Level 10.5 Earth Magic


You had 6 spell levels left.
You knew the following spells:

 Your Spells              Type           Power        Failure   Level  Hunger
a - Sandblast             Erth           #####.       1%          1    #......
b - Passwall              Tmut/Erth      ###.....     2%          2    ##.....
c - Stone Arrow           Conj/Erth      ###...       4%          3    ###....

Your spell library contained the following spells:

 Spells                   Type           Power        Failure   Level  Hunger
 Lee's Rapid Deconstruct  Erth           #####.....   6%          5    ######.
 Petrify                  Tmut/Erth      ###.....     17%         4    #####..


Dungeon Overview and Level Annotations

Branches:
Dungeon (6/15)
 Temple: D:4-7

Altars:
Hepliaklqana
Nemelex Xobeh
Qazlal
Ru
Uskayaw
The Shining One


Innate Abilities, Weirdness & Mutations

You are resistant to torment.
Your stone body is resilient. (AC +5)
You are immune to poison.
You resist negative energy. (rN+)
You are resistant to electric shocks. (rElec)
You can survive without breathing.
You are immune to petrification.
You are immune to rotting.


Message History

Press: ? - help, Shift-Dir - straight line
b - 147 stones Something hits you!
* * * LOW HITPOINT WARNING * * *
Something bites you.
* * * LOW HITPOINT WARNING * * *
Casting: Sandblast (safe; 1% risk of failure)
Confirm with . or Enter, or press ? or * to list all spells.
Aiming: Sandblast (safe; 1% risk of failure)
Press: ? - help, Shift-Dir - straight line The blast of sand hits something.
b - 146 stones Something hits you but does no damage.
Something bites you.
* * * LOW HITPOINT WARNING * * *
It was a potion of flight.
You feel very buoyant.
You fly up into the air.
Something hits you but does no damage. Something bites you but does no damage.
It was a potion of magic.
Magic courses through your body. Something hits you.
You die...

#######.###....#
#########.
#....[.>.......+
#.
#....[..###....#
#. #.......#
#....# #.
#.......# #....#
#. #.......#
#)...# #.
#.......# #....#
#.......########
#######.....@))#
########.#
#..{..# #.....#
#.....# #.....#
........
###......#
.......#


There were no monsters in sight!

Vanquished Creatures
  Eustachio (D:6)
  An ogre (D:5)
  A howler monkey (D:4)
  3 crimson imps (D:5)
  A centaur zombie (D:5)
  A hound (D:6)
  4 orc wizards
  3 worker ants
  Robin (D:2)
  8 gnolls
  4 adders
  2 shadow imps (D:5)
  An ooze (D:2)
  An adder skeleton (D:4)
  4 dart slugs
  3 leopard geckos
  5 orcs
  16 bats
  5 giant cockroaches
  15 goblins
  11 hobgoblins
  11 jackals
  3 quokkas (D:3)
  8 frilled lizards
  7 kobolds
  A quokka skeleton (D:5)
  4 rats
125 creatures vanquished.

Notes
Turn   | Place    | Note
-------+----------+-------------------------------------------
     0 | D:1      | DearestLeader the Gargoyle Earth Elementalist began the
                  | quest for the Orb.
     0 | D:1      | Reached XP level 1. HP: 10/10 MP: 3/3
   102 | D:1      | Reached skill level 4 in Earth Magic
   302 | D:1      | Reached XP level 2. HP: 6/15 MP: 0/5
   625 | D:2      | Found a sacrificial altar of Ru.
   651 | D:2      | Noticed Robin
   662 | D:2      | Noticed a -3 hand axe
   663 | D:2      | Found a hide-covered altar of Uskayaw.
   663 | D:2      | Noticed a +0 hand axe
   669 | D:2      | Reached XP level 3. HP: 17/19 MP: 1/6
   686 | D:2      | Killed Robin
   686 | D:2      | Reached skill level 5 in Earth Magic
  1076 | D:2      | Reached XP level 4. HP: 21/24 MP: 7/7
  1105 | D:2      | Reached skill level 6 in Earth Magic
  2319 | D:1      | Learned a level 2 spell: Passwall
  2323 | D:1      | Learned a level 3 spell: Stone Arrow
  2660 | D:2      | Reached XP level 5. HP: 25/28 MP: 8/8
  2877 | D:2      | Reached skill level 7 in Earth Magic
  3575 | D:3      | Found a glowing golden altar of the Shining One.
  3893 | D:4      | Reached skill level 8 in Earth Magic
  3893 | D:4      | Reached XP level 6. HP: 29/32 MP: 3/9
  4652 | D:4      | Found a hazy altar of Hepliaklqana.
  4671 | D:5      | Entered Level 5 of the Dungeon
  4671 | D:5      | Found a sparkling altar of Nemelex Xobeh.
  4735 | D:5      | Reached skill level 9 in Earth Magic
  4800 | D:5      | Reached XP level 7. HP: 31/36 MP: 10/10
  5320 | D:5      | Reached skill level 10 in Earth Magic
  5928 | D:6      | Found a stormy altar of Qazlal.
  6099 | D:6      | Noticed Eustachio
  6108 | D:6      | Killed Eustachio
  6108 | D:6      | Reached skill level 1 in Conjurations
  6169 | D:6      | Noticed a vampire
  6186 | D:6      | Reached XP level 8. HP: 19/41 MP: 9/11
  6190 | D:6      | HP: 2/41 [something (4)]
  6192 | D:6      | Slain by a vampire

Illustrated notes

Levels and vault maps discovered:
D:1:      tarquinn_simple_flora_water_b, layout_loops_corners,
          wander_ebering_terrifying_dragon_lair
D:2:      layout_rooms, dancing_weapons_uskayaw, nicolae_ru_awakened_eye,
          minmay_vboxes, uniq_robin
D:3:      layout_rooms, tso_metal_star
D:4:      layout_rooms, kennysheep_mini, first_ration
D:5:      layout_basic, basic_altar, kennysheep_donut, interstate_on_off
D:6:      layout_basic, lemuel_round_altar, uniq_eustachio

Skill      XL: |  1  2  3  4  5  6  7 |
---------------+----------------------+-----
Earth Magic    | 4 5 6 8 9 10 | 10.5
Conjurations   | 1 |  1.8
Dodging        | |  1.5
Stealth        | |  2.1
Spellcasting   | |  2.6
Transmutations | |  0.7

Action                   |  1- 3 |  4- 6 |  7- 9 || total
-------------------------+-------+-------+-------++-------
Melee: Whip              |    96 |   328 |    75 ||   499
       Rapier            |       |       |    13 ||    13
 Cast: Sandblast         |    12 |    38 |    24 ||    74
  Use: Scroll            |       |       |     8 ||     8
       Potion            |       |       |     2 ||     2
 Stab: Sleeping          |     2 |     6 |     3 ||    11
  Eat: Chunk             |     1 |    11 |     6 ||    18
Armor: Robe              |    63 |   153 |    47 ||   263
Dodge: Dodged            |   104 |   327 |    64 ||   495
